 Dungeon Crawl Stone Soup version 0.22-a0-240-g539252a (webtiles) character file.

2392 tidbits the Covert (level 9, 23/74 HPs)
             Began as a Gnoll Enchanter on Feb 21, 2018.
             Quit the game on level 9 of the Dungeon.
             The game lasted 00:19:15 (2052 turns).

tidbits the Covert (Gnoll Enchanter)                Turns: 2052, Time: 00:19:15

Health: 23/74      AC:  4    Str: 10    XL:     9   Next: 46%
Magic:  11/20      EV: 16    Int: 21    God:
Gold:   13         SH:  7    Dex: 16    Spells: 13/22 levels left

rFire    . . .     SeeInvis .   A - +0 scimitar
rCold    . . .     Gourm    .   D - +2 buckler
rNeg     . . .     Faith    .   B - +0 robe
rPois    .         Spirit   .   (no helmet)
rElec    .         Reflect  .   C - +0 cloak
rCorr    +         Harm     .   (no gloves)
MR       .....                  F - +0 pair of boots
Stlth    ++++......             (no amulet)
HPRegen  0.22/turn              K - ring of resist corrosion
MPRegen  0.17/turn              (no ring)

@: drained
A: distributed training, fangs 1, robust 1, no potion heal 1, strong nose
a: no special abilities


You were on level 9 of the Dungeon.
You were very full.

You visited 2 branches of the dungeon, and saw 11 of its levels.

You collected 180 gold pieces.
You spent 167 gold pieces at shops.

Inventory:

Hand Weapons
 a - a +3 dagger of venom
   (You took it off a goblin on level 2 of the Dungeon)
 f - a +0 scythe
 j - a +1 dagger
 k - a +0 rapier
 l - a +0 blowgun
 o - a +0 broad axe
 u - a +6 trident of freezing
   (You took it off a gnoll sergeant on level 6 of the Dungeon)
 x - a +0 long sword
 A - a +0 scimitar (weapon)
Missiles
 d - 59 arrows
 g - 2 throwing nets (quivered) {!f}
 m - 24 poisoned needles
Armour
 B - a +0 robe (worn)
 C - a +0 cloak (worn)
 D - a +2 buckler (worn)
 F - a +0 pair of boots (worn)
Jewellery
 e - an uncursed amulet of harm
   (You found it on level 1 of the Dungeon)
 K - a ring of resist corrosion (left hand)
   (You found it on level 2 of the Dungeon)
Wands
 y - a wand of flame (23)
 G - a wand of digging (5)
 I - a wand of random effects (30)
 L - a wand of iceblast (5)
Scrolls
 h - 3 scrolls of immolation
 i - a scroll of fear
 s - a scroll of teleportation
 z - a scroll of remove curse {unknown}
Potions
 b - 4 potions of curing
 n - 3 potions of flight
 p - a potion of brilliance
 q - a potion of haste {unknown}
 r - 2 potions of ambrosia
 t - a potion of heal wounds
 w - 2 potions of might {unknown}
 E - a potion of lignification {unknown}
 H - a potion of berserk rage {unknown}
 J - 2 potions of agility
Comestibles
 c - 10 rations


   Skills:
 + Level 5.3(4.3) Fighting
 + Level 6.0(5.0) Short Blades
 + Level 5.3(4.3) Long Blades
 + Level 5.3(4.3) Axes
 + Level 5.3(4.3) Maces & Flails
 + Level 5.3(4.3) Polearms
 + Level 5.3(4.3) Staves
 + Level 5.3(4.3) Slings
 + Level 5.3(4.3) Bows
 + Level 5.3(4.3) Crossbows
 + Level 5.3(4.3) Throwing
 + Level 5.3(4.3) Armour
 + Level 7.1(6.1) Dodging
 + Level 8.1(7.0) Stealth
 + Level 5.3(4.3) Shields
 + Level 5.3(4.3) Unarmed Combat
 + Level 7.4(6.3) Spellcasting
 + Level 4.4(3.4) Conjurations
 + Level 7.1(6.1) Hexes
 + Level 4.4(3.4) Charms
 + Level 4.4(3.4) Summonings
 + Level 4.4(3.4) Necromancy
 + Level 4.4(3.4) Translocations
 + Level 4.4(3.4) Transmutations
 + Level 4.4(3.4) Fire Magic
 + Level 4.4(3.4) Ice Magic
 + Level 4.4(3.4) Air Magic
 + Level 4.4(3.4) Earth Magic
 + Level 4.4(3.4) Poison Magic
 + Level 5.9(4.9) Invocations
 + Level 5.3(4.3) Evocations


You had 13 spell levels left.
You knew the following spells:

 Your Spells              Type           Power        Failure   Level  Hunger
c - Confuse               Hex            ####....     2%          3    #......
d - Dazzling Spray        Conj/Hex       ####..       4%          3    #......
e - Ensorcelled Hibernat  Hex/Ice        ####..       1%          2    None
o - Corona                Hex            ####...      1%          1    None


Dungeon Overview and Level Annotations

Branches:
Dungeon (10/15)            Temple (1/1) D:4
   Lair: D:8-11         Orc: D:9-12

Altars:
Ashenzari
Dithmenos
Elyvilon
Fedhas
Hepliaklqana
Kikubaaqudgha
Makhleb
Nemelex Xobeh
Okawaru
Qazlal
Ru
Sif Muna
Trog
Uskayaw
Vehumet
Wu Jian
Xom
Yredelemnul
Zin
The Shining One

Shops:
D:4 ?   D:7 *   D:9 ?


Innate Abilities, Weirdness & Mutations

Your experience applies equally to all skills.
You have very sharp teeth.
Your uncanny sense of smell can sniff out nearby items.
You are robust. (+10% HP)
Potions are less effective at restoring your health.


Message History

Press: ? - help, Shift-Dir - straight line, f/p - bullfrog
Aim: a bullfrog The spray of energy hits the bullfrog.
The bullfrog is moderately wounded.
The bullfrog is dazzled.
The spray of energy hits the wyvern zombie.
The wyvern zombie is lightly damaged.
The wyvern zombie closely misses you. The bullfrog closely misses you.
You hit the bullfrog.
The bullfrog is poisoned.
The bullfrog is heavily wounded.
The bullfrog closely misses you. The wyvern zombie closely misses you.
You catch the helpless bullfrog completely off-guard!
You impale the bullfrog!!
You kill the bullfrog!
The wyvern zombie barely misses you.
Wield which item (- for none, * to show all)? (? for menu, Esc to quit)
Your +3 dagger of venom stops dripping with poison.
A - a +0 scimitar (weapon)
The wyvern zombie bites you.
You hit the wyvern zombie.
The wyvern zombie is lightly damaged.
The wyvern zombie bites you but does no damage.
The wyvern zombie barely misses you.
You hit the wyvern zombie.
The wyvern zombie is moderately damaged.
The wyvern zombie bites you.
Casting: Dazzling Spray (safe; 4% risk of failure)
Confirm with . or Enter, or press ? or * to list all spells.
Aiming: Ensorcelled Hibernation (safe; 2% risk of failure)
Press: ? - help, Shift-Dir - straight line, f - worker ant
Aim: a worker ant (chance to defeat MR: 63%)
Okay, then.
Casting: Ensorcelled Hibernation (safe; 2% risk of failure)
Confirm with . or Enter, or press ? or * to list all spells.
Aiming: Dazzling Spray (safe; 4% risk of failure)
Press: ? - help, Shift-Dir - straight line, f - wyvern zombie
Aim: a wyvern zombie (moderately damaged)
The spray of energy hits the wyvern zombie.
The wyvern zombie is moderately damaged.
The spray of energy hits the worker ant.
The worker ant is lightly wounded.
You block the worker ant's attack. The wyvern zombie closely misses you.
The worker ant barely misses you.
Unknown command.
Casting: Dazzling Spray (safe; 4% risk of failure)
Confirm with . or Enter, or press ? or * to list all spells.
Aiming: Dazzling Spray (safe; 4% risk of failure)
Press: ? - help, Shift-Dir - straight line, f/p - wyvern zombie
Aim: a wyvern zombie (moderately damaged)
The spray of energy hits the wyvern zombie.
The wyvern zombie is heavily damaged.
The spray of energy hits the worker ant.
The worker ant is heavily wounded.
The worker ant is dazzled.
The wyvern zombie bites you!
* * * LOW HITPOINT WARNING * * *
The wyvern zombie misses you.
You slash the wyvern zombie!
The wyvern zombie is severely damaged.
You block the wyvern zombie's attack.
The worker ant twitches its antennae in your direction.
You slash the wyvern zombie!
The wyvern zombie is severely damaged.
The worker ant bites you.
* * * LOW HITPOINT WARNING * * *
You block the wyvern zombie's attack. The wyvern zombie closely misses you.
You riposte.
You barely miss the wyvern zombie.
The wyvern zombie is severely damaged.
The worker ant bites you.
* * * LOW HITPOINT WARNING * * *
You hit the wyvern zombie.
The wyvern zombie is almost destroyed.
The wyvern zombie closely misses you. The worker ant barely misses you.
You riposte.
You strike the helpless worker ant from behind!
You slash the worker ant!
You kill the worker ant!
You completely miss the wyvern zombie.
The wyvern zombie is almost destroyed.
The wyvern zombie bites you!
* * * LOW HITPOINT WARNING * * *
The wyvern zombie bites you but does no damage.
You barely miss the wyvern zombie.
The wyvern zombie is almost destroyed.
The wyvern zombie bites you!
* * * LOW HITPOINT WARNING * * *
You barely miss the wyvern zombie.
The wyvern zombie is almost destroyed.
You hear the faint creaking of a very distant portcullis.
The wyvern zombie closely misses you.
You riposte.
You hit the wyvern zombie.
You destroy the wyvern zombie!
It was a potion of heal wounds.
Your system partially rejects the healing.
You feel much better.
An orc comes into view.
The orc shouts!
Found a stone staircase leading down.
A worker ant comes into view.
Unknown command.
Unknown command.
Are you sure you want to abandon this character and quit the game? (Confirm with "yes".)

##############
........................
........................
.......................>
.∩.....................a
.....................o..
........................
........................
................@.......
..........†.............
........................
........................
........................
>.......................
##########..............
#........###### #
#..........


You could see a worker ant and an orc.

Vanquished Creatures
  Pikel (D:7)
  A troll (D:9)
  Sigmund (D:2)
  An orc warrior (D:7)
  2 slaves (D:7)
  A phantom (D:8)
  A necrophage (D:7)
  An ogre (D:6)
  2 centaurs
  3 bullfrogs
  A wyvern zombie (D:9)
  A gnoll sergeant (D:6)
  2 crimson imps (D:7)
  A gnoll shaman (D:7)
  An orc priest (D:9)
  3 worker ants
  2 iguanas
  A hound skeleton (D:4)
  8 adders
  8 gnolls
  A shadow imp (D:7)
  2 oozes
  An adder skeleton (D:3)
  2 worms
  A dart slug (D:2)
  A leopard gecko (D:2)
  8 orcs
  4 bats
  2 giant cockroaches
  4 goblins
  5 hobgoblins
  4 jackals (D:2)
  4 quokkas
  2 ball pythons
  A jackal skeleton (D:4)
  A kobold (D:3)
  A leopard gecko skeleton (D:7)
  4 rats
90 creatures vanquished.

Vanquished Creatures (others)
  A sky beast (D:7)
1 creature vanquished.

Grand Total: 91 creatures vanquished

Notes
Turn   | Place    | Note
-------+----------+-------------------------------------------
     0 | D:1      | tidbits the Gnoll Enchanter began the quest for the Orb.
     0 | D:1      | Reached XP level 1. HP: 13/13 MP: 6/6
    90 | D:2      | Noticed Sigmund
    94 | D:2      | Killed Sigmund
    94 | D:2      | Reached skill level 1 in Fighting
    94 | D:2      | Reached skill level 1 in Long Blades
    94 | D:2      | Reached skill level 1 in Axes
    94 | D:2      | Reached skill level 1 in Maces & Flails
    94 | D:2      | Reached skill level 1 in Polearms
    94 | D:2      | Reached skill level 1 in Staves
    94 | D:2      | Reached skill level 1 in Slings
    94 | D:2      | Reached skill level 1 in Bows
    94 | D:2      | Reached skill level 1 in Crossbows
    94 | D:2      | Reached skill level 1 in Throwing
    94 | D:2      | Reached skill level 1 in Armour
    94 | D:2      | Reached skill level 6 in Stealth
    94 | D:2      | Reached skill level 1 in Shields
    94 | D:2      | Reached skill level 1 in Unarmed Combat
    94 | D:2      | Reached skill level 5 in Spellcasting
    94 | D:2      | Reached skill level 1 in Conjurations
    94 | D:2      | Reached skill level 1 in Charms
    94 | D:2      | Reached skill level 1 in Summonings
    94 | D:2      | Reached skill level 1 in Necromancy
    94 | D:2      | Reached skill level 1 in Translocations
    94 | D:2      | Reached skill level 1 in Transmutations
    94 | D:2      | Reached skill level 1 in Fire Magic
    94 | D:2      | Reached skill level 1 in Ice Magic
    94 | D:2      | Reached skill level 1 in Air Magic
    94 | D:2      | Reached skill level 1 in Earth Magic
    94 | D:2      | Reached skill level 1 in Poison Magic
    94 | D:2      | Reached skill level 1 in Invocations
    94 | D:2      | Reached skill level 1 in Evocations
    94 | D:2      | Reached XP level 2. HP: 21/21 MP: 8/8
    94 | D:2      | Reached XP level 3. HP: 26/26 MP: 9/9
    94 | D:2      | Reached XP level 4. HP: 32/32 MP: 11/11
    94 | D:2      | Reached XP level 5. HP: 37/37 MP: 12/12
   262 | D:2      | Reached skill level 3 in Short Blades
   268 | D:2      | Learned a level 2 spell: Ensorcelled Hibernation
   272 | D:2      | Learned a level 3 spell: Confuse
   380 | D:3      | Learned a level 3 spell: Dazzling Spray
   489 | D:4      | Found Edwai's Magic Scroll Shop.
   499 | D:5      | Entered Level 5 of the Dungeon
   589 | D:4      | Found a shattered altar of Ashenzari.
   619 | D:4      | Reached XP level 6. HP: 44/44 MP: 6/13
   650 | D:4      | Reached skill level 2 in Invocations
   768 | D:4      | Reached skill level 4 in Fighting
   768 | D:4      | Reached skill level 5 in Short Blades
   768 | D:4      | Reached skill level 4 in Long Blades
   768 | D:4      | Reached skill level 4 in Axes
   768 | D:4      | Reached skill level 4 in Maces & Flails
   768 | D:4      | Reached skill level 4 in Polearms
   768 | D:4      | Reached skill level 4 in Staves
   768 | D:4      | Reached skill level 4 in Slings
   768 | D:4      | Reached skill level 4 in Bows
   768 | D:4      | Reached skill level 4 in Crossbows
   768 | D:4      | Reached skill level 4 in Throwing
   768 | D:4      | Reached skill level 4 in Armour
   768 | D:4      | Reached skill level 6 in Dodging
   768 | D:4      | Reached skill level 7 in Stealth
   768 | D:4      | Reached skill level 4 in Shields
   768 | D:4      | Reached skill level 4 in Unarmed Combat
   768 | D:4      | Reached skill level 7 in Spellcasting
   768 | D:4      | Reached skill level 3 in Conjurations
   768 | D:4      | Reached skill level 6 in Hexes
   768 | D:4      | Reached skill level 3 in Charms
   768 | D:4      | Reached skill level 3 in Summonings
   768 | D:4      | Reached skill level 3 in Necromancy
   768 | D:4      | Reached skill level 3 in Translocations
   768 | D:4      | Reached skill level 3 in Transmutations
   768 | D:4      | Reached skill level 3 in Fire Magic
   768 | D:4      | Reached skill level 3 in Ice Magic
   768 | D:4      | Reached skill level 3 in Air Magic
   768 | D:4      | Reached skill level 3 in Earth Magic
   768 | D:4      | Reached skill level 3 in Poison Magic
   768 | D:4      | Reached skill level 5 in Invocations
   768 | D:4      | Reached skill level 4 in Evocations
   768 | D:4      | Reached XP level 7. HP: 55/55 MP: 14/17
   814 | D:4      | Found a staircase to the Ecumenical Temple.
   820 | Temple   | Entered the Ecumenical Temple
   945 | D:4      | Reached skill level 4 in Conjurations
   945 | D:4      | Reached skill level 4 in Charms
   945 | D:4      | Reached skill level 4 in Summonings
   945 | D:4      | Reached skill level 4 in Necromancy
   945 | D:4      | Reached skill level 4 in Translocations
   945 | D:4      | Reached skill level 4 in Transmutations
   945 | D:4      | Reached skill level 4 in Fire Magic
   945 | D:4      | Reached skill level 4 in Ice Magic
   945 | D:4      | Reached skill level 4 in Air Magic
   945 | D:4      | Reached skill level 4 in Earth Magic
   945 | D:4      | Reached skill level 4 in Poison Magic
  1010 | D:4      | Bought a scroll of magic mapping for 49 gold pieces
  1034 | D:3      | Found a deep blue altar of Sif Muna.
  1116 | D:3      | Found a hazy altar of Hepliaklqana.
  1395 | D:6      | Reached XP level 8. HP: 47/61 MP: 7/18
  1404 | D:6      | Found a shimmering altar of Xom.
  1448 | D:6      | Gained mutation: Potions are less effective at restoring your health. [potion of mutation]
  1448 | D:6      | Gained mutation: You are robust. (+10% HP) [potion of mutation]
  1480 | D:6      | Found a blossoming altar of Fedhas.
  1504 | D:7      | Reached skill level 5 in Fighting
  1504 | D:7      | Reached skill level 5 in Long Blades
  1504 | D:7      | Reached skill level 5 in Axes
  1504 | D:7      | Reached skill level 5 in Maces & Flails
  1504 | D:7      | Reached skill level 5 in Polearms
  1504 | D:7      | Reached skill level 5 in Staves
  1504 | D:7      | Reached skill level 5 in Slings
  1504 | D:7      | Reached skill level 5 in Bows
  1504 | D:7      | Reached skill level 5 in Crossbows
  1504 | D:7      | Reached skill level 5 in Throwing
  1504 | D:7      | Reached skill level 5 in Armour
  1504 | D:7      | Reached skill level 5 in Shields
  1504 | D:7      | Reached skill level 5 in Unarmed Combat
  1504 | D:7      | Reached skill level 5 in Evocations
  1534 | D:7      | Noticed Pikel
  1543 | D:7      | Killed Pikel
  1543 | D:7      | Reached skill level 7 in Dodging
  1543 | D:7      | Reached skill level 8 in Stealth
  1543 | D:7      | Reached skill level 7 in Hexes
  1604 | D:7      | Reached XP level 9. HP: 67/74 MP: 8/19
  1781 | D:7      | Found Roozuote's Assorted Antiques.
  1789 | D:7      | Bought a green potion for 14 gold pieces
  1789 | D:7      | Bought an encrusted silver wand for 64 gold pieces
  1789 | D:7      | Bought a smoky cyan potion for 14 gold pieces
  1941 | D:9      | Found a shimmering altar of Xom.
  1949 | D:9      | Noticed a troll
  1958 | D:9      | Killed a troll
  1958 | D:9      | Reached skill level 6 in Short Blades
  1991 | D:9      | Found a sparkling altar of Nemelex Xobeh.
  2001 | D:9      | Found Bocaumpo's Magic Scroll Emporium.
  2006 | D:10     | Entered Level 10 of the Dungeon
  2018 | D:9      | Bought a scroll of identify for 26 gold pieces
  2042 | D:9      | HP: 4/74 [wyvern zombie (8)]
  2052 | D:9      | Quit the game

Vault maps used:
D:1:      lightli_arrival_statuegarden, bh_walls_and_bars
D:2:      minmay_door_path, first_ration, uniq_sigmund
D:3:      lemuel_crystal_altar, nicolae_overflow_crystal_walls
D:4:      ashenzari_conservatory_becter, minmay_temple_entry_enclosed_plants,
          serial_shops, shop, uniq_duvessa
D:5:      lemuel_round_altar, tgw_trog
D:6:      kennysheep_orc_sif_temple, marbit_many_paths, kennysheep_mini_moat,
          basic_altar
D:7:      overflow_temple_1_default, serial_shops,
          nicolae_shop_overgrown_old_shop, uniq_pikel
D:8:      grunt_lair_entry_orc_guard_hut, hangedman_ranch, uniq_joseph
D:9:      lemuel_doored_altar, basic_altar, serial_shops, shop, shop,
          enter_bailey_3, nicolae_good_shop
Temple:   eino_narrow_crystal_temple

Skill      XL: |  1  2  3  4  5  6  7  8  9 |
---------------+----------------------------+-----
Fighting       | 1 4 5 |  5.3
Long Blades    | 1 4 5 |  5.3
Axes           | 1 4 5 |  5.3
Maces & Flails | 1 4 5 |  5.3
Polearms       | 1 4 5 |  5.3
Staves         | 1 4 5 |  5.3
Slings         | 1 4 5 |  5.3
Bows           | 1 4 5 |  5.3
Crossbows      | 1 4 5 |  5.3
Throwing       | 1 4 5 |  5.3
Armour         | 1 4 5 |  5.3
Stealth        | 6 7 8 |  8.1
Shields        | 1 4 5 |  5.3
Unarmed Combat | 1 4 5 |  5.3
Spellcasting   | 5 7 |  7.4
Conjurations   | 1 3 4 |  4.4
Charms         | 1 3 4 |  4.4
Summonings     | 1 3 4 |  4.4
Necromancy     | 1 3 4 |  4.4
Translocations | 1 3 4 |  4.4
Transmutations | 1 3 4 |  4.4
Fire Magic     | 1 3 4 |  4.4
Ice Magic      | 1 3 4 |  4.4
Air Magic      | 1 3 4 |  4.4
Earth Magic    | 1 3 4 |  4.4
Poison Magic   | 1 3 4 |  4.4
Invocations    | 1 5 |  5.9
Evocations     | 1 4 5 |  5.3
Short Blades   | 3 5 6 |  6.0
Dodging        | 6 7 |  7.1
Hexes          | 6 7 |  7.1

Action                   |  1- 3 |  4- 6 |  7- 9 || total
-------------------------+-------+-------+-------++-------
Melee: Dagger            |     6 |    56 |    94 ||   156
       Bite              |     1 |     1 |    13 ||    15
       Punch             |       |     1 |       ||     1
       Scimitar          |       |       |    19 ||    19
 Cast: Corona            |     2 |     7 |       ||     9
       Ensorcelled Hiber |       |    17 |    34 ||    51
       Confuse           |       |     3 |     8 ||    11
       Dazzling Spray    |       |       |     4 ||     4
Evoke: Wand              |       |       |     2 ||     2
  Use: Scroll            |       |     4 |     5 ||     9
       Potion            |       |     3 |     5 ||     8
 Stab: Sleeping          |     1 |    18 |    35 ||    54
       Confused          |       |     1 |     1 ||     2
       Invisible         |       |       |     4 ||     4
       Distracted        |       |       |     1 ||     1
  Eat: Ration            |     1 |     1 |     1 ||     3
Armor: Robe              |     1 |    16 |     8 ||    25
Dodge: Dodged            |     6 |    36 |    50 ||    92
Block: Buckler           |       |     2 |    30 ||    32
       Rpst.: Scimitar   |       |       |     5 ||     5

Table legend:
 A = Spawn XP
 B = Non-spawn XP
 C = Spawn XP percentage of total XP
 D = Spawn monster count
 E = Non-spawn monster count
 F = Spawn count percentage of total count
 G = Total turns spent on level
                    A         B        C        D         E        F      G
               +---------+---------+-------+---------+---------+-------+---------
         Total |       0 |    3041 |   0.0 |       0 |      88 |   0.0 |  2052
               +---------+---------+-------+---------+---------+-------+---------
           D:1 |       0 |       3 |   0.0 |       0 |       2 |   0.0 |    87
           D:2 |       0 |     277 |   0.0 |       0 |      17 |   0.0 |   288
           D:3 |       0 |      64 |   0.0 |       0 |      18 |   0.0 |   331
           D:4 |       0 |     166 |   0.0 |       0 |      10 |   0.0 |   425
           D:5 |       0 |      42 |   0.0 |       0 |       2 |   0.0 |   104
           D:6 |       0 |     459 |   0.0 |       0 |       8 |   0.0 |   166
           D:7 |       0 |    1366 |   0.0 |       0 |      21 |   0.0 |   316
           D:8 |       0 |     128 |   0.0 |       0 |       3 |   0.0 |   130
           D:9 |       0 |     536 |   0.0 |       0 |       7 |   0.0 |   110
               +---------+---------+-------+---------+---------+-------+---------

Table legend:
 A = Turns spent in this place as a percentage of turns spent in the entire game.
 B = Non-inter-level travel turns spent in this place as a percentage of non-inter-level travel turns spent in the entire game.
 C = Inter-level travel turns spent in this place as a percentage of turns spent in this place.
 D = Turns resting spent in this place as a percentage of non-inter-level travel turns spent in this place.
 E = Turns spent auto-exploring this place as a percentage of non-inter-level travel turns spent in this place.
 F = Non-inter-level travel turns spent in this place divided by the number of levels of this place that you've seen.
                   A       B       C       D       E      F
               +-------+-------+-------+-------+-------+----------------------
         Total | 100.0 | 100.0 |   1.1 |   0.0 |   0.0 | 184.5
       Dungeon |  95.5 |  96.0 |   0.6 |   0.0 |   0.0 | 194.7
        Temple |   4.5 |   4.0 |  11.8 |   0.0 |   0.0 |  82.0
               +-------+-------+-------+-------+-------+----------------------

Table legend:
 A = Kills in this place as a percentage of kills in entire the game.
 B = Kills by you in this place as a percentage of kills by you in the entire game.
 C = Kills by friends in this place as a percentage of kills by friends in the entire game.
 D = Other kills in this place as a percentage of other kills in the entire game.
 E = Experience gained in this place as a percentage of experience gained in the entire game.
 F = Experience gained in this place divided by the number of levels of this place that you have seen.
                   A       B       C       D       E      F
               +-------+-------+-------+-------+-------+----------------------
         Total | 100.0 | 100.0 |   N/A |   N/A | 100.0 | 276.5
       Dungeon | 100.0 | 100.0 |   N/A |   N/A | 100.0 | 304.1
               +-------+-------+-------+-------+-------+----------------------

Vault maps used:
D:1:      lightli_arrival_statuegarden, bh_walls_and_bars
D:2:      minmay_door_path, first_ration, uniq_sigmund
D:3:      lemuel_crystal_altar, nicolae_overflow_crystal_walls
D:4:      ashenzari_conservatory_becter, minmay_temple_entry_enclosed_plants,
          serial_shops, shop, uniq_duvessa
D:5:      lemuel_round_altar, tgw_trog
D:6:      kennysheep_orc_sif_temple, marbit_many_paths, kennysheep_mini_moat,
          basic_altar
D:7:      overflow_temple_1_default, serial_shops,
          nicolae_shop_overgrown_old_shop, uniq_pikel
D:8:      grunt_lair_entry_orc_guard_hut, hangedman_ranch, uniq_joseph
D:9:      lemuel_doored_altar, basic_altar, serial_shops, shop, shop,
          enter_bailey_3, nicolae_good_shop
Temple:   eino_narrow_crystal_temple
